 Dungeon Crawl Stone Soup version 0.30-b1-2-g02819fbbbe (webtiles) character file.

Game seed: 13584441492465050812

1194 Sondawg117 the Cleaver (level 8, -3/64 HPs)
             Began as a Hill Orc Fighter on July 16, 2023.
             Was an Initiate of Hepliaklqana.
             Slain by a steam dragon (8 damage)
             ... on level 6 of the Dungeon.
             The game lasted 01:53:07 (7089 turns).

Sondawg117 the Cleaver (Hill Orc Fighter)           Turns: 7089, Time: 01:53:08

Health: -3/64      AC: 11    Str: 18    XL:     8   Next: 43%
Magic:  8/8        EV:  7    Int: 14    God:    Hepliaklqana [......]
Gold:   342        SH:  0    Dex:  9    Spells: 6/7 levels left

rFire   . . .        q - +3 battleaxe (freeze)
rCold   . . .        (shield currently unavailable)
rNeg    . . .        m - +0 chain mail
rPois   .            J - +0 helmet
rElec   .            (no cloak)
rCorr   .            (no gloves)
SInv    .            (no boots)
Will    .....        (no amulet) Stlth
                     (no ring)
HPRegen 0.30/turn    (no ring)
MPRegen 0.11/turn

%: no passive effects
@: mighty
A: clever 1, shaggy fur 1, inability to read after injury 1
a: Renounce Religion


You were on level 6 of the Dungeon.
You worshipped Hepliaklqana.
Hepliaklqana was noncommittal.
You visited 2 branches of the dungeon, and saw 7 of its levels.

You collected 342 gold pieces.

Inventory:

Hand Weapons
 a - a +0 war axe
 b - a +0 heavy hand axe
 k - a +0 dagger of draining
 l - the +8 trident of the Octopus King {venom, rElec rPois}
   (You found it on level 5 of the Dungeon)

   rElec:     It insulates you from electricity.
   rPois:     It protects you from poison.
 q - a +3 battleaxe of freezing (weapon)
 D - a +1 short sword of speed
 G - a +0 sling
Missiles
 d - a boomerang
 g - a silver boomerang
 j - 50 stones
 n - 11 poisoned darts (quivered)
Armour
 c - a +1 buckler
 m - a +0 chain mail (worn)
 J - a +0 helmet (worn)
Wands
 p - a wand of digging (8)
Scrolls
 e - a scroll of fog
 h - 2 scrolls of magic mapping
 o - a scroll of vulnerability
Potions
 i - a potion of might
 r - 2 potions of magic {unknown}
 u - a potion of mutation
 C - a potion of lignification


   Skills:
 - Level 3.6 Fighting
 + Level 11.9(12.3) Axes
 - Level 4.0(7.6) Polearms
 - Level 3.2 Armour
 - Level 3.2 Shields


You had 6 spell levels left.
You knew the following spells:

 Your Spells              Type           Power      Damage    Failure   Level
a - Apportation           Tloc           0%         N/A       95%         1

Your spell library contained the following spells:

 Spells                   Type           Power      Damage    Failure   Level
 Necrotise                Necr           0%         1d4       95%         1
 Summon Small Mammal      Summ           0%         N/A       95%         1
 Cigotuvi's Dreadful Rot  Necr/Pois/Air  0%         N/A       99%         2
 Ensorcelled Hibernation  Hex/Ice        0%         N/A       99%         2
 Sublimation of Blood     Necr           0%         N/A       99%         2
 Ignite Poison            Fire/Tmut/Pois 0%         N/A       100%        3
 Spider Form              Tmut/Pois      0%         N/A       100%        3
 Anguish                  Hex/Necr       0%         N/A       100%        4
 Petrify                  Tmut/Erth      0%         N/A       100%        4
 Freezing Cloud           Conj/Ice/Air   0%         6-21      100%        5
 Irradiate                Conj/Tmut      0%         3d11      100%        5


Dungeon Overview and Level Annotations

Branches:
Dungeon (6/15)             Temple (1/1) D:5

Altars:
Ashenzari
Cheibriados
Dithmenos
Fedhas
Gozag
Hepliaklqana
Kikubaaqudgha
Makhleb
Nemelex Xobeh
Trog
Uskayaw
Wu Jian
Yredelemnul

Shops:
D:1 ?   D:5 ?

Annotations:
D:1 1 transporter
D:3 3 runed translucent doors, BerneyBell's ghost, amateur TrFi; Mesmaeker13's ghost, amateur DgRe


Innate Abilities, Weirdness & Mutations

Your mind is acute. (Int +4, Str/Dex -1)
You are covered in fur. (AC +1)
You occasionally lose the ability to read scrolls when taking damage.


Message History

As you read the scroll of torment, it crumbles to dust.
Your body is wracked with pain!
The steam dragon convulses!
Okay, then.
You are too injured to fight recklessly!
The steam dragon bites you.
The steam dragon claws you but does no damage.
You hit the steam dragon but do no damage.
The steam dragon is heavily wounded.
The steam dragon bites you.
* * * LOW HITPOINT WARNING * * *
The steam dragon claws you but does no damage.
You barely miss the steam dragon.
The steam dragon is heavily wounded.
The steam dragon bites you!
* * * LOW HITPOINT WARNING * * *
The steam dragon claws you.
* * * LOW HITPOINT WARNING * * *
You feel very mighty all of a sudden. The steam dragon bites you.
* * * LOW HITPOINT WARNING * * *
The steam dragon claws you but does no damage.
You closely miss the steam dragon.
The steam dragon is heavily wounded.
The steam dragon bites you but does no damage.
The steam dragon barely misses you.
The steam dragon bites you but does no damage.
The steam dragon claws you.
* * * LOW HITPOINT WARNING * * *
You barely miss the steam dragon.
The steam dragon is heavily wounded.
The steam dragon bites you but does no damage.
The steam dragon claws you but does no damage.
You barely miss the steam dragon.
The steam dragon is heavily wounded.
The steam dragon bites you but does no damage.
The steam dragon barely misses you.
You barely miss the steam dragon.
The steam dragon is heavily wounded.
The steam dragon bites you!
You die...

#. #. ####
#.## .....
#..###......
#..§D#
#.###.:....
#.# .....
#D# .... #@#
... #.# D#
#.# . #.#
#.# #.##
#..#
#####..#
#[.....#


You could see a steam dragon.

Vanquished Creatures
  An ice beast (D:5)
  2 black bears
  2 phantoms
  2 jellies
  4 hounds
  A gnoll bouda (D:4)
  5 iguanas
  3 sleepcaps
  5 orc wizards
  Robin (D:2)
  8 gnolls
  5 adders
  A dart slug (D:1)
  2 worms
  10 orcs
  5 bats
  6 endoplasms
  A giant cockroach (D:3)
  8 goblins
  11 hobgoblins
  3 jackals (D:5)
  10 ball pythons
  2 frilled lizards (D:1)
  8 kobolds
  8 rats
114 creatures vanquished.

Notes
Turn   | Place    | Note
-------+----------+-------------------------------------------
     0 | D:1      | Sondawg117 the Hill Orc Fighter began the quest for the
                  | Orb.
     0 | D:1      | Reached XP level 1. HP: 19/19 MP: 1/1
   193 | D:1      | Reached skill level 3 in Axes
   262 | D:1      | Found a transporter.
   269 | D:1      | Found Fuotarr's Magic Scroll Shoppe.
   321 | D:1      | Found a transporter.
   323 | D:1      | Reached XP level 2. HP: 26/26 MP: 2/2
   474 | D:1      | Reached skill level 4 in Axes
   909 | D:1      | Reached XP level 3. HP: 31/31 MP: 3/3
  1635 | D:2      | Reached skill level 5 in Axes
  2166 | D:2      | Reached XP level 4. HP: 39/39 MP: 4/4
  2359 | D:2      | Noticed Robin
  2385 | D:2      | Reached skill level 6 in Axes
  2398 | D:2      | Killed Robin
  2925 | D:3      | Found a shadowy altar of Dithmenos.
  3065 | D:3      | Reached XP level 5. HP: 45/45 MP: 5/5
  3147 | D:3      | Found a runed translucent gate.
  3148 | D:3      | Found a runed translucent gate.
  3149 | D:3      | Found a runed translucent gate.
  3150 | D:3      | Noticed BerneyBell's ghost (amateur TrFi)
  3151 | D:3      | Noticed Mesmaeker13's ghost (amateur DgRe)
  3190 | D:3      | Reached skill level 7 in Axes
  3879 | D:2      | Gained mutation: Your muscles are strong. (Str +4, Int/Dex
                  | -1) [potion of mutation]
  3879 | D:2      | Gained mutation: Your flesh is cold resistant. (rC+)
                  | [potion of mutation]
  4244 | D:4      | Reached skill level 8 in Axes
  4244 | D:4      | Reached XP level 6. HP: 50/51 MP: 6/6
  4675 | D:5      | Entered Level 5 of the Dungeon
  4690 | D:5      | Lost mutation: Your flesh is cold resistant. (rC+) [potion
                  | of mutation]
  4690 | D:5      | Lost mutation: Your muscles are strong. (Str +4, Int/Dex
                  | -1) [potion of mutation]
  4690 | D:5      | Gained mutation: Your mind is acute. (Int +4, Str/Dex -1)
                  | [potion of mutation]
  4690 | D:5      | Gained mutation: You are covered in fur. (AC +1) [potion of
                  | mutation]
  4690 | D:5      | Gained mutation: You occasionally lose the ability to read
                  | scrolls when taking damage. [potion of mutation]
  4867 | D:4      | Reached skill level 9 in Axes
  4918 | D:4      | Reached XP level 7. HP: 45/57 MP: 7/7
  4926 | D:5      | Reached skill level 10 in Axes
  5010 | D:5      | Found a staircase to the Ecumenical Temple.
  5088 | D:5      | Reached skill level 11 in Axes
  5305 | D:5      | Found the +8 trident of the Octopus King {venom, rElec
                  | rPois}
  5313 | D:5      | Reached XP level 8. HP: 56/64 MP: 8/8
  5341 | D:5      | Learned a level 1 spell: Apportation
  5399 | D:5      | Reached skill level 1 in Polearms
  5554 | D:5      | Found Xoroc's Magic Scroll Emporium.
  5983 | D:5      | Identified a scroll of acquirement
  5984 | D:5      | Acquired a +3 battleaxe of freezing
  6526 | Temple   | Entered the Ecumenical Temple
  6870 | Temple   | Became a worshipper of Hepliaklqana the Forgotten
  7089 | D:6      | Slain by a steam dragon

Illustrated notes

Levels and vault maps discovered:
D:1:      saegor_arrival_simple_a, layout_loops_ring, serial_co_window_serial,
          co_window_paths_a, co_window_paths_b, co_window_paths_a,
          co_window_corner_a, co_window_corner_a, co_window_2corner,
          co_window_paths_c, co_window_unsneaky_path_c, serial_shops,
          nicolae_shop_drivethru, amcnicky_mini_rare_corridor_liquid,
          minmay_misc_feat_plants, minivault_11, minmay_misc_feat_chi
D:2:      kennysheep_six_static_rooms, layout_basic, uniq_robin
D:3:      layout_loops_corners, nicolae_dithmenos_through_a_glass_darkly,
          gammafunk_ghost_cemetery, nicolae_elevator_lobby_plus
D:4:      layout_rooms, dreamdust_wishing_well
D:5:      layout_rooms, minmay_temple_entry_wispy, serial_shops, shop
D:6:      layout_loops_ring
Temple:   minmay_temple_forest_path

Skill      XL: |  1  2  3  4  5  6  7  8 |
---------------+-------------------------+-----
Axes           | 3 4 5 6 8 9 11 | 11.9
Polearms       | 4 |  4.0
Fighting       | |  3.6
Armour         | |  3.2
Shields        | |  3.2

Action                     |  1- 3 |  4- 6 |  7- 9 || total
---------------------------+-------+-------+-------++-------
  Melee: Hand axe          |   102 |    59 |    31 ||   192
         War axe           |    20 |    98 |       ||   118
         Trident           |       |       |    42 ||    42
         Battleaxe         |       |       |    13 ||    13
  Evoke: Wand              |       |       |     1 ||     1
    Use: Scroll            |     4 |    10 |     3 ||    17
         Potion            |     2 |    12 |     1 ||    15
 Armour: Scale mail        |    19 |       |       ||    19
         Chain mail        |    12 |   124 |    64 ||   200
         Skin              |       |   124 |       ||   124
  Dodge: Dodged            |    43 |    64 |    17 ||   124
  Block: Buckler           |    34 |    58 |    21 ||   113
